[Event "Team 45 45 League T61"]
[Site "Internet Chess Club"]
[Date "2014.06.20"]
[Round "4"]
[White "smsxman"]
[Black "Aquaman"]
[Result "1-0"]
[WhiteElo "1451"]
[BlackElo "1349"]
[Opening "QP counter-gambit: Maroczy gambit"]
[ECO "C40"]
[Time "14:30:49"]
[TimeControl "2700+45"]

1. e4 e5 2. Nf3 d5 3. exd5 Bd6 4. Bb5+ Bd7 5. Bxd7+ Nxd7 6. O-O Ngf6 7. c4 O-O
8. d3 Re8 9. Nc3 e4 10. Nxe4 Nxe4 11. dxe4 Rxe4 12. b3 Qe7 13. Re1 Re8 14. Rxe4
Qxe4 15. Be3 Bb4 16. Qd4 a6 17. Qxe4 Rxe4 18. a3 Bc3 19. Rd1 Kf8 20. g3 Bb2 21.
a4 Ba3 22. Ng5 Re7 23. Nxh7+ Ke8 24. Ng5 f6 25. Nf3 Bd6 26. Nh4 Bb4 27. Kg2 Ne5
28. h3 g5 29. Nf5 Rf7 30. c5 g4 31. h4 Nf3 32. d6 Kd7 33. dxc7+ Kxc7 34. Nh6 Rg7
35. Nxg4 Ne1+ 36. Kh3 Nc2 37. Nxf6 Nxe3 38. fxe3 Bxc5 39. e4 Bd6 40. Ne8+ {Black
resigns} 1-0

[Event "Team 45 45 League T61"]
[Site "Internet Chess Club"]
[Date "2014.06.20"]
[Round "4"]
[White "semperfi"]
[Black "Leon13"]
[Result "0-1"]
[WhiteElo "1352"]
[BlackElo "1496"]
[Opening "Queen's pawn game, Chigorin variation"]
[ECO "D02"]
[Time "20:00:27"]
[TimeControl "2700+45"]

1. d4 d5 2. Nf3 Nc6 3. e3 a6 4. Bd3 Nf6 5. c3 Bg4 6. Nbd2 e5 7. dxe5 Nxe5 8.
Qa4+ c6 9. Nxe5 Be6 10. O-O Bd6 11. Ndf3 O-O 12. Re1 c5 13. c4 Qc7 14. Bd2 Bxe5
15. Nxe5 Qxe5 16. Bc3 Qg5 17. Bxf6 gxf6 18. Qc2 f5 19. cxd5 Bxd5 20. g3 Qh5 21.
Qe2 Bf3 22. Qf1 Rfe8 23. Be2 f4 24. Bxf3 Qxf3 25. Qg2 Qh5 26. gxf4+ Kh8 27. Kh1
Rg8 28. Qxb7 Rab8 29. Qc7 Qf3# {White checkmated} 0-1

[Event "Team 45 45 League T61"]
[Site "Internet Chess Club"]
[Date "2014.06.24"]
[Round "4"]
[White "Andaluz"]
[Black "artspir"]
[Result "0-1"]
[WhiteElo "1265"]
[BlackElo "1288"]
[Opening "Polish: Outflank variation"]
[ECO "A00"]
[Time "15:00:18"]
[TimeControl "2700+45"]

1. b4 c6 2. Bb2 d5 3. e3 Nf6 4. d3 Bf5 5. Nd2 e6 6. a3 Nbd7 7. Ngf3 Bd6 8. Be2
O-O 9. Nh4 Bg6 10. Nxg6 hxg6 11. O-O e5 12. Bf3 Re8 13. Re1 a5 14. c3 axb4 15.
axb4 Qc7 16. g3 b5 17. Qb3 Nb6 18. Rxa8 Rxa8 19. Ra1 Re8 20. Qc2 g5 21. h3 Qd7
22. g4 g6 23. Kg2 Kg7 24. Nb3 Rh8 25. Rh1 Qe6 {White forfeits on time} 0-1

[Event "Team 45 45 League T61"]
[Site "Internet Chess Club"]
[Date "2014.06.20"]
[Round "4"]
[White "MasterD"]
[Black "medsurg"]
[Result "0-1"]
[WhiteElo "1294"]
[BlackElo "1377"]
[Opening "Bishop's opening: Berlin defense"]
[ECO "C24"]
[Time "19:00:10"]
[TimeControl "2700+45"]

1. e4 e5 2. Bc4 Nf6 3. d3 c6 4. Nf3 d5 5. Bb3 Bg4 6. h3 Bxf3 7. Qxf3 h6 8. O-O
Qd6 9. Be3 Nbd7 10. c3 Nc5 11. Bc2 Be7 12. b4 Ne6 13. Qg3 O-O-O 14. Bxa7 Nf4 15.
Qxg7 Rdg8 16. Qxf7 Rh7 17. Bc5 Rxf7 18. Bxd6 Rxg2+ 19. Kh1 Bxd6 20. Rg1 Rfg7 21.
Na3 Rxg1+ 22. Rxg1 Rxg1+ 23. Kxg1 Ne2+ 24. Kg2 Nxc3 25. exd5 Nfxd5 26. Nc4 Bc7
27. a3 Nf4+ 28. Kg3 Nce2+ 29. Kg4 Ng1 30. Kf5 Ngxh3 31. Nxe5 Nd5 32. Nf7 h5 33.
Kg6 h4 34. Kh5 Nxf2 35. Kxh4 Nf4 36. Kg3 N2xd3 37. Ng5 Nd5+ 38. Kf3 Ne5+ 39. Ke2
Nf4+ 40. Ke3 Nc4+ 41. Kd4 Nxa3 42. Bf5+ Kb8 43. Nf3 Ka7 44. Kc5 Bb6+ 45. Kd6
Nc4+ 46. Ke7 Nd5+ 47. Kf7 Nxb4 48. Bd7 Nd5 49. Kg6 Bf2 50. Kf5 Kb6 51. Ke4 Kc5
52. Kd3 Bg3 53. Nd4 Ne5+ 54. Ke4 Nxd7 55. Ne6+ Kc4 {White resigns} 0-1

[Event "Team 45 45 League T61"]
[Site "Internet Chess Club"]
[Date "2014.06.22"]
[Round "4"]
[White "srikrish"]
[Black "theartist"]
[Result "1-0"]
[WhiteElo "1039"]
[BlackElo "1101"]
[Opening "French: advance, Milner-Barry gambit"]
[ECO "C02"]
[Time "16:07:35"]
[TimeControl "2700+45"]

1. e4 e6 2. d4 d5 3. e5 c5 4. c3 Nc6 5. Nf3 Qb6 6. Bd3 cxd4 7. cxd4 Nxd4 8. Nxd4
Qxd4 9. Bb5+ Bd7 10. Bxd7+ Kxd7 11. Qxd4 Ne7 12. O-O Nc6 13. Qa4 h6 14. Bf4 Bc5
15. Qb5 Bb6 16. Nc3 Kc7 17. Na4 Nd4 18. Rac1+ Nc6 19. Nxb6 axb6 20. a3 Ra5 21.
Qd3 Rc5 22. b4 Rxc1 23. Rxc1 Ra8 24. b5 {Black resigns} 1-0

[Event "Team 45 45 League T61"]
[Site "Internet Chess Club"]
[Date "2014.06.23"]
[Round "4"]
[White "Toalla"]
[Black "KingOfClubs"]
[Result "1-0"]
[WhiteElo "1415"]
[BlackElo "1367"]
[Opening "Nimzovich-Larsen attack: modern variation"]
[ECO "A01"]
[Time "13:06:28"]
[TimeControl "2700+45"]

1. b3 e5 2. Bb2 Nc6 3. e3 d5 4. Bb5 Bd6 5. Bxc6+ bxc6 6. Ne2 Bg4 7. O-O Nf6 8.
f4 Nd7 9. d4 e4 10. Nd2 f5 11. c4 O-O 12. c5 Be7 13. Qe1 Bh4 14. Ng3 Qe8 15. h3
Bh5 16. Nb1 Qg6 17. Kh2 Nf6 18. Nxf5 Bxe1 19. Ne7+ Kh8 20. Nxg6+ Bxg6 21. Rxe1
h5 22. Nd2 Kg8 23. Rf1 Bf5 24. b4 Kf7 25. a4 a6 26. Nb3 Rab8 27. Bc3 Ke6 28. Nd2
Kd7 29. Rf2 Rh8 30. Rh1 Rh7 31. Kg1 Rbh8 32. Nf1 h4 33. Be1 Rh6 34. Rc2 Rg6 35.
Rh2 Nh5 36. Rf2 Ng3 37. Rc2 Nxf1 38. Kxf1 Rgh6 39. Rb2 R6h7 40. b5 axb5 41. axb5
Ra8 42. b6 cxb6 43. cxb6 Rb8 44. Ke2 Rb7 45. Kd2 g6 46. Kc2 Ke8 47. Rh1 Bc8 48.
Ba5 Rhf7 49. Be1 Rh7 50. Rf1 Rbd7 51. Bf2 Bb7 52. Ra1 Rdf7 53. Kb3 Rh5 54. Rh1
Rfh7 55. Kb4 g5 56. fxg5 Rxg5 57. Be1 Rf5 58. Rf2 Rf3 {Black resigns} 1-0

[Event "Team 45 45 League T61"]
[Site "Internet Chess Club"]
[Date "2014.06.21"]
[Round "4"]
[White "stantheman59"]
[Black "guyd52"]
[Result "0-1"]
[WhiteElo "1228"]
[BlackElo "1361"]
[Opening "Queen's pawn game"]
[ECO "D00"]
[Time "19:09:27"]
[TimeControl "2700+45"]

1. d4 d5 2. e3 c6 3. Bd3 Nf6 4. f4 g6 5. Nf3 Bg7 6. O-O Nbd7 7. c3 O-O 8. f5 Qc7
9. fxg6 hxg6 10. b3 e5 11. dxe5 Nxe5 12. Nxe5 Qxe5 13. Qd2 Bh6 14. Qf2 Ng4 15.
Qg3 Qxg3 16. hxg3 Bxe3+ 17. Bxe3 Nxe3 18. Re1 Re8 19. Kf2 Ng4+ 20. Kf1 Nh2+ 21.
Kf2 Ng4+ 22. Kf1 Ne5 23. Bc2 Bg4 24. Nd2 b5 25. b4 a5 26. bxa5 Rxa5 27. Nb3 Raa8
28. Nc5 Nc4 29. Rxe8+ Rxe8 30. Kg1 Re3 31. Nd3 Bf5 32. Nb4 Bxc2 33. Nxc2 Rxc3
34. Nd4 Ne5 35. Ne2 Re3 36. Kf1 Nd3 37. a4 bxa4 38. Rxa4 c5 39. Ra2 Kg7 40. Kg1
d4 41. Kh2 Kf6 42. Nf4 Ke5 43. Ra7 g5 44. Nxd3+ Rxd3 45. Rxf7 c4 46. g4 c3 47.
Rf5+ Ke6 48. Rxg5 c2 49. Rc5 Rd2 50. Kg1 d3 51. g5 Rd1+ 52. Kh2 c1=Q {White
resigns} 0-1

[Event "Team 45 45 League T61"]
[Site "Internet Chess Club"]
[Date "2014.06.21"]
[Round "4"]
[White "Conjurer"]
[Black "arconia"]
[Result "0-1"]
[WhiteElo "1182"]
[BlackElo "1315"]
[Opening "Queen's pawn game"]
[ECO "A46"]
[Time "12:01:50"]
[TimeControl "2700+45"]

1. d4 Nf6 2. Nf3 e6 3. Bf4 d6 4. e3 a6 5. c4 c5 6. d5 e5 7. Bg5 Be7 8. e4 Nxe4
9. Bxe7 Qxe7 10. Bd3 Ng5 11. Nbd2 e4 12. Nxg5 exd3+ 13. Nde4 h6 14. Nxf7 Qxe4+
15. Kf1 Kxf7 16. Qh5+ g6 17. Qf3+ Qxf3 18. gxf3 Bh3+ 19. Ke1 Re8+ 20. Kd2 Bf5
21. Rhe1 Rxe1 22. Rxe1 Nd7 {White resigns} 0-1

[Event "Team 45 45 League T61"]
[Site "Internet Chess Club"]
[Date "2014.06.19"]
[Round "4"]
[White "oldbookseller"]
[Black "jadelamere"]
[Result "1-0"]
[WhiteElo "989"]
[BlackElo "967"]
[Opening "Queen's pawn game"]
[ECO "D04"]
[Time "18:00:11"]
[TimeControl "2700+45"]

1. d4 d5 2. Nf3 Nf6 3. e3 Bg4 4. Bd3 e6 5. Nbd2 Bd6 6. b3 O-O 7. O-O Nc6 8. Bb2
Qe7 9. e4 dxe4 10. Nxe4 Nxe4 11. Bxe4 e5 12. Qd3 Rad8 13. c4 Nb4 14. Qc3 Bxf3
15. Qxf3 Nc2 16. Bxc2 {Black resigns} 1-0

[Event "Team 45 45 League T61"]
[Site "Internet Chess Club"]
[Date "2014.06.22"]
[Round "4"]
[White "backrankbrawler"]
[Black "misuc56"]
[Result "1-0"]
[WhiteElo "1851"]
[BlackElo "1869"]
[Opening "QGD: 3.Nc3"]
[ECO "D31"]
[Time "22:00:18"]
[TimeControl "2700+45"]

1. d4 d5 2. c4 e6 3. Nc3 f5 4. Nf3 Nf6 5. Bg5 c6 6. cxd5 exd5 7. e3 Bd6 8. Bd3
O-O 9. Qc2 Qd7 10. Bxf6 Rxf6 11. O-O Qe8 12. a3 g6 13. b4 a6 14. Rfb1 Nd7 15. a4
Rf8 16. b5 axb5 17. axb5 Rxa1 18. Rxa1 Nf6 19. bxc6 bxc6 20. Na4 Ne4 21. Nd2
Nxd2 22. Qxd2 f4 23. Rc1 Bd7 24. Nc5 Bc8 25. e4 Bxc5 26. Rxc5 dxe4 27. Bc4+ Kg7
28. Qc3 Kh6 29. Bb3 Bd7 30. Ba4 Rf5 31. Rc4 e3 32. fxe3 fxe3 33. Bd1 g5 34. Qe1
Rf4 35. Bf3 Qe6 36. d5 cxd5 37. Rxf4 gxf4 38. Qh4+ Kg6 39. Bh5+ Kg7 40. Qg5+ Kf8
41. Qxf4+ Ke7 42. Qg5+ Kd6 43. Qf4+ Qe5 44. Qb4+ Kc6 45. Qa4+ Kc7 46. Qa5+ Kb7
47. Be2 Qd6 48. Qc3 Qb6 49. Qd3 Qc5 50. Qxh7 Kc7 51. Qb1 d4 52. h4 Bf5 53. Qf1
Qd5 54. Qf4+ Kd7 55. g4 Be4 56. g5 Qf5 57. Bg4 Ke6 58. Qxe4+ {Black resigns} 1-0

[Event "Team 45 45 League T61"]
[Site "Internet Chess Club"]
[Date "2014.06.20"]
[Round "4"]
[White "Constrictor"]
[Black "amicusUK"]
[Result "0-1"]
[WhiteElo "1674"]
[BlackElo "1632"]
[Opening "Queen's pawn game, Darooha variation "]
[ECO "D02"]
[Time "17:00:34"]
[TimeControl "2700+45"]

1. Nf3 Nf6 2. d4 d5 3. c4 e6 4. g3 Bb4+ 5. Bd2 Be7 6. Bg2 O-O 7. O-O c6 8. Nc3
Nbd7 9. cxd5 cxd5 10. Rc1 b6 11. Bf4 Nh5 12. Nb5 Nxf4 13. gxf4 Bb7 14. Ne5 Nxe5
15. fxe5 a6 16. Nc3 Rc8 17. e3 Qd7 18. f4 g6 19. Rf3 Rc4 20. Rg3 Kh8 21. a3 Qc8
22. Bf1 Rc7 23. Bd3 Bxa3 24. bxa3 Rxc3 25. Rxc3 Qxc3 26. h4 Rc8 27. Rg2 Qxa3 28.
Rc2 Rxc2 29. Qxc2 Qe7 30. h5 Kg7 31. hxg6 fxg6 32. Kg2 Qd7 33. Kf3 b5 34. Qc5
Kf7 35. Qb6 Ke8 36. Qa7 Bc8 37. Qc5 Kf7 38. Kg4 Qb7 39. Qd6 Qd7 40. Qb6 Kg7 41.
Qc5 Kf7 42. Kg5 Qe7+ 43. Qxe7+ Kxe7 44. Kh6 b4 45. Kxh7 a5 46. Kxg6 a4 47. e4
dxe4 48. Bxe4 a3 49. Bb1 b3 50. d5 exd5 51. f5 Bxf5+ {White resigns} 0-1

[Event "Team 45 45 League T61"]
[Site "Internet Chess Club"]
[Date "2014.06.23"]
[Round "4"]
[White "burnsy"]
[Black "supermessi"]
[Result "1-0"]
[WhiteElo "1659"]
[BlackElo "1525"]
[Opening "Sicilian"]
[ECO "B50"]
[Time "17:00:25"]
[TimeControl "2700+45"]

1. e4 c5 2. Nf3 d6 3. Bc4 Nc6 4. c3 Nf6 5. d3 e6 6. Bb3 Be7 7. Nbd2 O-O 8. Nf1
b5 9. Ng3 Qb6 10. Bc2 Rd8 11. h3 Qc7 12. d4 cxd4 13. cxd4 Bb7 14. a3 Rac8 15.
O-O a5 16. Be3 b4 17. Rc1 Ba6 18. Ba4 Qb7 19. Re1 d5 20. e5 Nd7 21. Bg5 Bxg5 22.
Nxg5 h6 23. Nf3 Re8 24. Nh2 Bb5 25. Bc2 Qa7 26. Nf3 f6 27. Bd3 Nxd4 28. Rxc8
Rxc8 29. Nxd4 Bxd3 30. Qxd3 Nxe5 31. Qd1 Qb6 32. Kh1 Rc4 33. Nde2 Qxf2 34. Rf1
Qe3 35. Qa4 bxa3 36. Qe8+ Kh7 37. bxa3 Nd3 38. Nh5 Nf2+ 39. Kh2 Qxe2 40. Nxf6+
gxf6 41. Qf7+ Kh8 42. Qxf6+ Kh7 43. Rxf2 Qh5 44. Qe7+ Kg6 45. Rf6+ Kg5 46. Rf3+
Kg6 47. Qf7+ Kg5 48. Qf6# {Black checkmated} 1-0

[Event "Team 45 45 League T61"]
[Site "Internet Chess Club"]
[Date "2014.06.21"]
[Round "4"]
[White "smsxman"]
[Black "losscause"]
[Result "0-1"]
[WhiteElo "1442"]
[BlackElo "1606"]
[Opening "Caro-Kann defense"]
[ECO "B10"]
[Time "23:00:20"]
[TimeControl "2700+45"]

1. e4 c6 2. Nf3 d5 3. exd5 cxd5 4. d4 Nc6 5. Nc3 Bg4 6. Be2 e6 7. Bg5 Be7 8.
Bxe7 Ngxe7 9. O-O O-O 10. Re1 Qc7 11. Ne5 Bxe2 12. Rxe2 Nxe5 13. Rxe5 Nc6 14.
Re3 Qf4 15. Ne2 Qg5 16. c3 Ne7 17. Rg3 Qh6 18. Qc2 g6 19. Rf1 Nf5 20. Rh3 Qg5
21. f4 Qg4 22. Qd2 Kg7 23. Rhf3 Nh4 24. Rg3 Qf5 25. Rh3 Qf6 26. Qe1 Nf5 27. g4
Nd6 28. Ng3 Rh8 29. f5 exf5 30. gxf5 Rae8 31. Qb1 Qg5 32. Kh1 Qg4 33. Kg2 Re2+
34. Kg1 Qxh3 35. Nxe2 Qe3+ 36. Rf2 Ne4 37. Qe1 Qxf2+ 38. Qxf2 Nxf2 39. Kxf2 Kf6
40. fxg6 hxg6 41. Kg3 g5 42. Ng1 Kf5 43. Nh3 Rh4 44. Nf2 f6 45. h3 Rh8 46. a3
Re8 47. Kf3 Kg6 48. Nd3 Kh5 49. Nb4 Rd8 50. Nd3 Kh4 51. Kg2 Re8 52. Nc1 Re3 53.
c4 dxc4 54. d5 Re8 55. Kf3 f5 56. Na2 Kxh3 57. Nc3 Kh2 58. Nb5 g4+ 59. Kf2 g3+
{White resigns} 0-1

[Event "Team 45 45 League T61"]
[Site "Internet Chess Club"]
[Date "2014.06.20"]
[Round "4"]
[White "chessjav"]
[Black "xt"]
[Result "0-1"]
[WhiteElo "1872"]
[BlackElo "1715"]
[Opening "Sicilian: Scheveningen (Paulsen), classical variation"]
[ECO "B84"]
[Time "22:03:31"]
[TimeControl "2700+45"]

1. e4 c5 2. Nf3 d6 3. d4 cxd4 4. Nxd4 Nf6 5. Nc3 a6 6. Be2 e6 7. Be3 Be7 8. O-O
Qc7 9. f4 b5 10. a3 Bb7 11. Bf3 Nbd7 12. Qe1 Nb6 13. Bf2 Rc8 14. Qe2 Nc4 15.
Rab1 Nxa3 16. Ra1 Nc4 17. Ndxb5 axb5 18. Nxb5 Qd7 19. Na7 Rc7 20. b3 Nd2 21.
Qxd2 Bxe4 22. Be2 O-O 23. Bb5 Qd8 24. Bb6 Rxc2 25. Qxc2 Qxb6+ 26. Qf2 Qb7 27.
Rfc1 Bd8 28. Ra6 Ng4 29. Qd4 e5 30. Qxd6 Bxg2 31. Rc8 Be7 32. Qc7 Qf3 33. Rxf8+
Bxf8 34. Qc2 Bh3 35. Rc6 Qe3+ 36. Kh1 Qe1+ 37. Bf1 Qxf1# {White checkmated} 0-1

[Event "Team 45 45 League T61"]
[Site "Internet Chess Club"]
[Date "2014.06.24"]
[Round "4"]
[White "SugarIslander"]
[Black "Packerfan"]
[Result "1/2-1/2"]
[WhiteElo "1666"]
[BlackElo "1816"]
[Opening "King's Indian: 6.Be2"]
[ECO "E91"]
[Time "16:00:14"]
[TimeControl "2700+45"]

1. d4 Nf6 2. c4 g6 3. Nc3 Bg7 4. e4 d6 5. Be2 O-O 6. Nf3 Nbd7 7. O-O b6 8. Ne1
Bb7 9. f3 c5 10. d5 h6 11. Be3 Ne5 12. f4 Ned7 13. Qc2 Re8 14. Nd3 Nf8 15. Rab1
Ba6 16. b3 Bc8 17. h3 Kh7 18. Nf2 e6 19. Bf3 exd5 20. Nxd5 Ba6 21. Nxf6+ Qxf6
22. e5 dxe5 23. Bxa8 Rxa8 24. Ng4 Qe6 25. fxe5 Bb7 26. Qf2 Qc6 27. Rb2 Nd7 28.
Nf6+ Nxf6 29. exf6 Bf8 30. Bf4 Re8 31. Re2 Rxe2 32. Qxe2 h5 33. Bg5 Bd6 34. Bf4
Bf8 35. Bg5 a6 36. Rf2 b5 37. cxb5 axb5 38. h4 c4 39. bxc4 bxc4 40. Rf3 Qb6+ 41.
Be3 Bxf3 42. gxf3 Qxf6 43. Qxc4 Qxf3 44. Qf4 Qxf4 45. Bxf4 Kg7 46. a4 Kf6 47. a5
Ke6 48. Be3 Kd7 49. Kg2 Kc6 50. a6 Kc7 51. Kf3 Bd6 52. Bf2 f6 53. Ke4 g5 54.
hxg5 fxg5 55. Kf5 h4 56. Bxh4 gxh4 57. Kg4 Be7 58. Kh3 Kb6 59. a7 Kxa7 60. Kg2
Kb6 61. Kh3 Kc5 62. Kg2 Kd4 63. Kh3 Ke3 64. Kg2 Ke2 65. Kh2 Kf1 66. Kh1 Bc5 67.
Kh2 Bf2 68. Kh1 {Game drawn by mutual agreement} 1/2-1/2

[Event "Team 45 45 League T61"]
[Site "Internet Chess Club"]
[Date "2014.06.22"]
[Round "4"]
[White "tryanything"]
[Black "mongmong"]
[Result "1-0"]
[WhiteElo "1600"]
[BlackElo "1598"]
[Opening "French: exchange variation"]
[ECO "C01"]
[Time "20:00:53"]
[TimeControl "2700+45"]

1. e4 e6 2. d4 d5 3. exd5 exd5 4. Nf3 Nf6 5. Bf4 Bd6 6. Bxd6 Qxd6 7. c3 O-O 8.
Be2 Re8 9. O-O Bg4 10. Nbd2 Nbd7 11. h3 Bh5 12. Re1 h6 13. Nh4 Bxe2 14. Rxe2
Rxe2 15. Qxe2 Re8 16. Qf1 Qe6 17. Nhf3 Qe2 18. Re1 Qxf1+ 19. Kxf1 Rxe1+ 20. Kxe1
Kf8 21. Ke2 g6 22. Ne5 Nxe5 23. dxe5 Nd7 24. f4 Ke7 25. g4 Nc5 26. b3 c6 27. Ke3
Nd7 28. h4 f6 29. exf6+ Nxf6 30. g5 hxg5 31. hxg5 Nd7 32. c4 Ke6 33. cxd5+ cxd5
34. Nf3 Nf8 35. Nd4+ Kd6 36. Nb5+ Kc5 37. Nxa7 Kb4 38. Nc8 Ka3 39. Ne7 Kxa2 40.
b4 Kb3 41. Nxd5 Kc4 42. Ke4 Ne6 43. Ke5 Nd4 44. Ne7 Nf3+ 45. Kf6 Kxb4 46. Nxg6
b5 47. Ne5 Nh4 48. f5 Kc5 49. g6 Kd5 50. g7 Nf3 51. g8=Q+ {Black resigns} 1-0

[Event "Team 45 45 League T61"]
[Site "Internet Chess Club"]
[Date "2014.06.20"]
[Round "4"]
[White "craftsman49868"]
[Black "PostMike"]
[Result "1-0"]
[WhiteElo "1608"]
[BlackElo "1455"]
[Opening "English, 1...Nf6 (Anglo-Indian defense)"]
[ECO "A15"]
[Time "14:30:13"]
[TimeControl "2700+45"]

1. c4 Nf6 2. g3 g6 3. Bg2 Bg7 4. Nc3 d6 5. e4 O-O 6. Nge2 c5 7. O-O Nc6 8. d3
Bd7 9. Be3 Qc8 10. Rb1 Ng4 11. Qd2 Nxe3 12. fxe3 Bh6 13. Nd5 e6 14. Nf6+ Kh8 15.
Nxd7 Qxd7 16. d4 Rad8 17. Qc3 Bg7 18. Rbd1 e5 19. dxc5 Qg4 20. Qe1 dxc5 21. Rxd8
Nxd8 22. Nc3 Qe6 23. Nd5 Nc6 24. b3 a5 25. Qd2 f6 26. Rd1 Rd8 27. Qe2 Bh6 28.
Rf1 Kg7 29. Bf3 Qf7 30. Bg4 Rd6 31. Rd1 Ne7 32. Kg2 Nxd5 33. Rxd5 Rxd5 34. cxd5
Qc7 35. Qd3 Qd6 36. Be6 g5 37. Qb5 Qc7 38. Qe8 {Black resigns} 1-0

[Event "Team 45 45 League T61"]
[Site "Internet Chess Club"]
[Date "2014.06.22"]
[Round "4"]
[White "AdithJosh"]
[Black "clarinetref"]
[Result "1-0"]
[WhiteElo "1412"]
[BlackElo "1607"]
[Opening "Sicilian: Alapin's variation (2.c3)"]
[ECO "B22"]
[Time "19:37:29"]
[TimeControl "2700+45"]

1. e4 c5 2. c3 Nf6 3. e5 Nd5 4. d4 Qb6 5. Nf3 Nc6 6. Bc4 e6 7. O-O cxd4 8. cxd4
d6 9. Re1 dxe5 10. Bxd5 exd5 11. Nxe5 Nxe5 12. Rxe5+ Be6 13. Nc3 Be7 14. Nxd5
Bxd5 15. Rxd5 O-O 16. Qf3 Rad8 17. Rb1 Rxd5 18. Qxd5 Rd8 19. Qb3 Qxb3 20. axb3
Rxd4 21. Be3 Rb4 22. Rc1 h6 23. Bxa7 Rxb3 24. Bd4 Bg5 25. Rc8+ Kh7 26. g3 Rb4
27. Bc3 Rb5 28. f4 Be7 29. Rc7 Bc5+ 30. Kg2 Kg6 31. f5+ Kxf5 32. Rxf7+ Ke6 33.
Rxg7 Be3 34. Kf3 Bc1 35. b4 Kd5 36. Rg4 Kc6 37. Rc4+ Kd6 38. Bg7 Rf5+ 39. Ke4
Rg5 40. Bf8+ Ke6 41. Rxc1 Re5+ 42. Kf4 Rf5+ 43. Ke4 Rxf8 44. Rc7 Rf2 45. Rxb7
Rxh2 46. b5 Re2+ 47. Kf4 Rf2+ 48. Kg4 Rb2 49. Rb6+ Kf7 50. Rb7+ Kg6 51. b6 h5+
52. Kf4 Rb4+ 53. Ke5 Rb3 54. Rb8 Kf7 55. b7 Ke7 56. Kf4 Kd7 57. Rh8 Rb4+ 58. Kg5
Rb5+ 59. Kh4 Rb4+ 60. Kh3 Kc7 61. b8=Q+ Rxb8 62. Rxb8 Kxb8 63. Kh4 Kc8 64. Kxh5
Kd8 65. g4 Ke8 66. g5 Kf7 67. Kh6 Kg8 68. Kg6 Kh8 69. Kf7 Kh7 70. g6+ {Black
resigns} 1-0

[Event "Team 45 45 League T61"]
[Site "Internet Chess Club"]
[Date "2014.06.21"]
[Round "4"]
[White "g8wrb"]
[Black "ethan0627"]
[Result "1-0"]
[WhiteElo "1334"]
[BlackElo "1389"]
[Opening "Ruy Lopez: Caro variation"]
[ECO "C70"]
[Time "13:11:50"]
[TimeControl "2700+45"]

1. e4 e5 2. Nf3 Nc6 3. Bb5 a6 4. Ba4 b5 5. Bb3 Nf6 6. Qe2 Be7 7. c3 d6 8. h3 Bb7
9. O-O O-O 10. Rd1 b4 11. d4 bxc3 12. Nxc3 exd4 13. Nxd4 Nxd4 14. Rxd4 Qd7 15.
Bf4 Qc6 16. Rc1 Qb6 17. Be3 c5 18. Rc4 Bc6 19. Ba4 Bb5 20. Bxb5 axb5 21. Rb4 Qc6
22. Rxb5 Nxe4 23. Nxe4 Qxe4 24. b3 Qc6 25. Rc2 Ra7 26. b4 Rfa8 27. bxc5 Rxa2 28.
Rxa2 Rxa2 29. Rb8+ {Black resigns} 1-0

[Event "Team 45 45 League T61"]
[Site "Internet Chess Club"]
[Date "2014.06.22"]
[Round "4"]
[White "medsurg"]
[Black "trifire"]
[Result "0-1"]
[WhiteElo "1364"]
[BlackElo "1467"]
[Opening "Sicilian: closed"]
[ECO "B23"]
[Time "21:00:29"]
[TimeControl "2700+45"]

1. e4 c5 2. Nc3 d6 3. d3 Nc6 4. f4 g6 5. Nf3 Bg7 6. g3 Nf6 7. Bg2 a6 8. O-O b5
9. e5 Ng4 10. h3 Nh6 11. Re1 O-O 12. e6 Bxe6 13. Rxe6 fxe6 14. Ng5 Qd7 15. Nxe6
Qxe6 16. Bd5 Qxd5 17. Nxd5 e6 18. Ne3 Ne7 19. c3 d5 20. d4 cxd4 21. cxd4 Nc6 22.
Nc2 Nf5 23. Kg2 Nfxd4 24. Be3 Nf5 25. Bc5 Rfd8 26. Qe2 Re8 27. g4 Nh6 28. Rd1
Rad8 29. Rxd5 exd5 30. Qd3 Nf7 31. b4 Re4 32. Bb6 Rde8 33. Qxd5 Re2+ 34. Bf2
Rxc2 35. Qd7 Kf8 36. Kg3 Rd8 {White resigns} 0-1

[Event "Team 45 45 League T61"]
[Site "Internet Chess Club"]
[Date "2014.06.22"]
[Round "4"]
[White "GregoryViking"]
[Black "chesscharm"]
[Result "1-0"]
[WhiteElo "1578"]
[BlackElo "1228"]
[Opening "Ruy Lopez (Spanish opening)"]
[ECO "C60"]
[Time "17:31:07"]
[TimeControl "2700+45"]

1. e4 e5 2. Nf3 Nc6 3. Bb5 Bd6 4. O-O Nf6 5. d3 h6 6. Nc3 O-O 7. Be3 a6 8. Ba4
b5 9. Bb3 Ng4 10. Nd5 Nf6 11. Qd2 Nxd5 12. Bxd5 Qf6 13. h3 Be7 14. Nh2 h5 15. f4
Qg6 16. f5 Qd6 17. Rf3 Bb7 18. Raf1 Rab8 19. c3 Bf6 20. Bg5 Be7 21. Rg3 Qc5+ 22.
Kh1 b4 23. f6 bxc3 24. bxc3 Bxf6 25. Bxf6 Qd6 26. Rxg7+ Kh8 27. Qh6# {Black
checkmated} 1-0

[Event "Team 45 45 League T61"]
[Site "Internet Chess Club"]
[Date "2014.06.22"]
[Round "4"]
[White "moodle"]
[Black "smsxman"]
[Result "1-0"]
[WhiteElo "1478"]
[BlackElo "1427"]
[Opening "Three knights game"]
[ECO "C46"]
[Time "14:02:08"]
[TimeControl "2700+45"]

1. e4 e5 2. Nf3 Nc6 3. Nc3 d6 4. Bb5 Bd7 5. d3 Nf6 6. h3 Be7 7. Be3 O-O 8. O-O
a6 9. Bc4 b5 10. Bb3 Na5 11. d4 Nxb3 12. cxb3 b4 13. dxe5 bxc3 14. exf6 Bxf6 15.
bxc3 Bxc3 16. Rc1 Bb4 17. Qc2 Rc8 18. Rfd1 Ba3 19. Rb1 a5 20. e5 g6 21. Qe2 Bf5
22. Ra1 Qe7 23. exd6 cxd6 24. Nd4 Bd7 25. Qf3 Bb2 26. Rab1 Bxd4 27. Bxd4 Bf5 28.
Re1 Qd7 29. g4 Qc6 30. Qxc6 Rxc6 31. gxf5 gxf5 32. Kh1 f6 33. Re7 Rf7 34. Re8+
Kg7 35. Rg1+ Kh6 36. Re6 Rg7 37. Rxf6+ Rg6 38. Be3+ Kh5 39. Rxf5+ Kh4 40. Bg5+
Kh5 41. Rg4 Re6 42. Be3# {Black checkmated} 1-0

[Event "Team 45 45 League T61"]
[Site "Internet Chess Club"]
[Date "2014.06.22"]
[Round "4"]
[White "guyd52"]
[Black "Bizzy-Ketty"]
[Result "0-1"]
[WhiteElo "1350"]
[BlackElo "1481"]
[Opening "Réti: King's Indian attack (Barcza system)"]
[ECO "A07"]
[Time "19:01:15"]
[TimeControl "2700+45"]

1. Nf3 d5 2. g3 Nc6 3. Bg2 e5 4. d3 Nf6 5. Nbd2 Bf5 6. O-O Bc5 7. Re1 O-O 8. e4
dxe4 9. Nxe4 Nxe4 10. dxe4 Qxd1 11. Rxd1 Bxe4 12. Nh4 Bxg2 13. Kxg2 Rad8 14. Bd2
Rd6 15. Nf5 Rf6 16. Ne3 Rd8 17. a3 Rfd6 18. Bc3 Rxd1 19. Rxd1 Rxd1 20. Nxd1 Kf8
21. b4 Bd6 22. Ne3 Ne7 23. f3 Ke8 24. Bb2 Kd7 25. c4 c6 26. c5 Bc7 27. Nc4 Ke6
28. Nd2 Kd5 29. Kf2 f5 30. h4 g6 31. a4 b5 32. a5 a6 33. Bc3 Ke6 34. Bb2 Nd5 35.
Ba3 Kf6 36. Nb1 e4 37. f4 Ke6 38. Ke2 Bd8 39. Kd2 Bf6 40. Kc2 Bd4 41. Nd2 Bc3
42. Nb3 Bf6 43. Nc1 h6 44. Ne2 Kf7 45. Kd2 g5 46. hxg5 hxg5 47. Kd1 Kg6 48. g4
gxf4 49. gxf5+ Kxf5 50. Bc1 e3 51. Ng1 Ke4 52. Ne2 Nxb4 53. Ba3 Nd3 54. Kc2 b4
55. Bc1 Nxc1 56. Kxc1 f3 57. Ng3+ Kd3 58. Kd1 e2+ 59. Ke1 Bc3+ {White resigns}
0-1

[Event "Team 45 45 League T61"]
[Site "Internet Chess Club"]
[Date "2014.06.24"]
[Round "4"]
[White "lemorgado"]
[Black "Goli"]
[Result "1-0"]
[WhiteElo "1983"]
[BlackElo "1803"]
[Opening "Robatsch (modern) defense"]
[ECO "B06"]
[Time "14:11:08"]
[TimeControl "2700+45"]

1. e4 g6 2. d4 Bg7 3. Nc3 d6 4. Be3 Nf6 5. f3 O-O 6. Qd2 Nc6 7. O-O-O e5 8. Nge2
a6 9. h4 h5 10. Bg5 Qe8 11. d5 Ne7 12. g3 b5 13. Bh3 b4 14. Nb1 a5 15. Bxc8 Nxc8
16. c3 Nb6 17. cxb4 axb4 18. Qxb4 Rxa2 19. Nbc3 Ra1+ 20. Kc2 Rxd1 21. Rxd1 Qa8
22. Nb5 Rb8 23. Nec3 Ne8 24. Be3 Bf8 25. Qa3 Qb7 26. Bxb6 Qxb6 27. Qa7 c6 28.
Qxb6 Rxb6 29. dxc6 Rxc6 30. b4 Rc4 31. Kb3 Rc6 32. Nd5 f5 33. Nbc3 f4 34. gxf4
Bg7 35. Ne7+ {Black resigns} 1-0